 Dungeon Crawl Stone Soup version 0.21-a0-210-gbfa5647 (webtiles) character file.

3319 tehllama the Martial Artist (level 10, -1/65 HPs)
             Began as an Octopode Transmuter on Aug 22, 2017.
             Was a Believer of Cheibriados.
             Slain by a hog (9 damage)
             ... on level 7 of the Dungeon.
             The game lasted 00:15:30 (8684 turns).

tehllama the Martial Artist (Octopode Transmuter)   Turns: 8684, Time: 00:15:31

Health: -1/65      AC:  2    Str: 18    XL:     10   Next: 2%
Magic:  16/16      EV: 23    Int: 20    God:    Cheibriados [**....]
Gold:   288        SH:  0    Dex: 23    Spells: 7/17 levels left

rFire    . . .     SeeInvis .     - Unarmed
rCold    . . .     Gourm    .   (shield currently unavailable)
rNeg     . . .     Faith    .   (helmet currently unavailable)
rPois    x         Spirit   .   (no amulet)
rElec    .         Reflect  .   s - ring of flight
rCorr    .         Harm     .   (no ring)
MR       .....                  (no ring)
Stlth    ++++......             (no ring)
HPRegen  0.20/turn              (no ring)
MPRegen  0.15/turn              (no ring)
                                (no ring)
                                (no ring)

@: spider-form, very slow
A: almost no armour, stealthy swim, (amphibious), 8 rings, (constrict 8)
a: End Transformation, Bend Time, Renounce Religion, Evoke Flight


You were on level 7 of the Dungeon.
You worshipped Cheibriados.
Cheibriados was pleased with you.
You were hungry.
You were a venomous arachnid creature.
You visited 1 branch of the dungeon, and saw 7 of its levels.
You also visited: Ossuary.

You collected 288 gold pieces.

Inventory:

Missiles
 a - 126 arrows
Armour
 y - a +0 shield
Jewellery
 s - a ring of flight (left front leg)
Wands
 h - a wand of iceblast (3/15)
 x - a wand of digging (9/24)
Scrolls
 l - 4 scrolls of remove curse
 p - a scroll of fog
 t - a scroll of enchant weapon
 w - 2 scrolls of recharging
 z - a scroll of amnesia {unknown}
Potions
 d - 3 potions of curing
 e - a potion of mutation {unknown}
 f - a potion of brilliance {unknown}
 g - 2 potions of haste {unknown}
 j - 3 potions of invisibility {unknown}
 m - a potion of resistance {unknown}
 q - a potion of magic
 r - a potion of might {unknown}
 u - 4 potions of berserk rage {unknown}
 B - a potion of cancellation {unknown}
Books
 b - a book of Changes

   Spells                             Type                      Level
   a - Beastly Appendage              Transmutation                1
   b - Sticks to Snakes               Transmutation                2
   c - Spider Form                    Transmutation/Poison         3
   d - Ice Form                       Ice/Transmutation            4
   e - Blade Hands                    Transmutation                5
 o - a book of Maledictions

   Spells                             Type                      Level
   a - Corona                         Hexes                        1
   b - Ensorcelled Hibernation        Hexes/Ice                    2
   c - Confuse                        Hexes                        3
   d - Tukima's Dance                 Hexes                        3
   e - Dazzling Spray                 Conjuration/Hexes            3
Comestibles
 c - 5 bread rations
 i - 2 meat rations
 v - 2 royal jellies


   Skills:
 + Level 4.6 Fighting
 + Level 4.2 Dodging
 + Level 6.5 Stealth
 + Level 2.3 Shields
 * Level 8.1 Unarmed Combat
 - Level 4.0 Spellcasting
 * Level 6.1 Transmutations
 + Level 1.3 Ice Magic
 - Level 3.0 Poison Magic
 + Level 2.9 Invocations


You had 7 spell levels left.
You knew the following spells:

 Your Spells              Type           Power        Failure   Level  Hunger
a - Beastly Appendage     Tmut           ####..       5%          1    None
b - Sticks to Snakes      Tmut           ####....     7%          2    #......
c - Spider Form           Tmut/Pois      ###.......   17%         3    ###....
d - Ice Form              Ice/Tmut       ###.....     50%         4    ####...


Dungeon Overview and Level Annotations

Branches:
Dungeon (7/15)
 Temple: D:4-7

Altars:
Cheibriados
Dithmenos
Elyvilon
Fedhas
Gozag
Kikubaaqudgha
Okawaru
Sif Muna
Uskayaw
Wu Jian
Xom
Yredelemnul
The Shining One


Innate Abilities, Weirdness & Mutations

You cannot wear most types of armour.
You are very stealthy in the water. (Stealth+)
((You are amphibious.))
You can wear up to eight rings at the same time.
((You can use your tentacles to constrict eight enemies at once.))
((Your skin changes colour to match your surroundings (Stealth+).))
((Your rubbery body absorbs attacks. (AC +1, EV +1)))


Message History

The scroll dissolves into smoke.
The orc priest completely misses you. Something barely misses you.
The orc warrior misses you.
The orc priest hits you but does no damage.
You bite the orc priest!
You kill the orc priest!
Cheibriados thoroughly appreciates the change of pace.
Your surroundings suddenly seem different.
Found four items. 4 hogs and a human come into view.
The hog squeals angrily. x3; The human shouts!
The human completely misses you. The hog closely misses you.
You open the door. The hog barely misses you. The human completely misses you.
The hog completely misses you. The hog bites you!
* * * LOW HITPOINT WARNING * * *
The human misses you.
There is an open door here.
The hog bites you!
You die...

#######
#..../#
#.....#
###h#####
#%....#.##
#%%..phh.#
#######h.#
#s.# #.##
..# ####


You could see 3 hogs.

Vanquished Creatures
  Pikel (D:4)
  Grinder (D:6)
  Sigmund (D:3)
  Eustachio (D:5)
  Menkaure (D:6)
  An ice beast (D:6)
  A slave (D:4)
  A sky beast (D:5)
  3 phantoms
  2 ogres
  A necrophage (D:6)
  3 centaurs
  3 bullfrogs
  2 water moccasin zombies (Ossuary)
  2 scorpions (D:5)
  A quasit (D:7)
  3 hounds
  A jelly (D:6)
  3 orc priests (D:7)
  A bullfrog skeleton (D:6)
  Terence (D:2)
  Ijyb (D:5)
  4 worker ants
  An iguana (D:7)
  6 orc wizards
  A big kobold zombie (Ossuary)
  A hound zombie (D:5)
  A hound skeleton (D:6)
  2 mummies (Ossuary)
  3 gnolls (D:3)
  A worker ant zombie (D:5)
  4 adders
  An ooze (D:4)
  6 adder zombies (Ossuary)
  4 worms (D:2)
  3 dart slugs (D:1)
  5 leopard geckos
  22 orcs
  3 ball pythons
  5 giant cockroaches
  4 gnoll zombies (Ossuary)
  8 goblins
  13 hobgoblins
  6 jackals
  6 kobolds
  2 quokkas
  11 bats
  7 frilled lizards
  4 hobgoblin zombies (Ossuary)
  6 kobold zombies (Ossuary)
  3 orc zombies (Ossuary)
  9 rats
187 creatures vanquished.

Vanquished Creatures (others)
  An ogre (D:5)
  A worm (D:4)
  A leopard gecko skeleton (D:4)
3 creatures vanquished.

Grand Total: 190 creatures vanquished

Notes
Turn   | Place    | Note
-------+----------+-------------------------------------------
     0 | D:1      | tehllama the Octopode Transmuter began the quest for the Orb.
     0 | D:1      | Reached XP level 1. HP: 13/13 MP: 3/3
   325 | D:1      | Reached XP level 2. HP: 11/18 MP: 3/5
   785 | D:1      | Reached skill level 4 in Unarmed Combat
   996 | D:1      | Reached XP level 3. HP: 4/23 MP: 6/6
  1870 | D:1      | Reached skill level 1 in Stealth
  2437 | D:2      | Noticed Terence
  2454 | D:2      | Killed Terence
  2454 | D:2      | Reached XP level 4. HP: 29/29 MP: 5/7
  2807 | D:2      | Found an ancient bone altar of Kikubaaqudgha.
  3099 | D:2      | Found an ornate altar of the Wu Jian Council.
  3158 | D:3      | Noticed Sigmund
  3164 | D:3      | Learned a level 2 spell: Sticks to Snakes
  3168 | D:3      | Learned a level 3 spell: Spider Form
  3178 | D:3      | Killed Sigmund
  3178 | D:3      | Reached skill level 5 in Unarmed Combat
  3178 | D:3      | Reached XP level 5. HP: 29/36 MP: 4/8
  3178 | D:3      | Reached XP level 6. HP: 33/41 MP: 4/9
  3927 | D:3      | Reached skill level 1 in Poison Magic
  4024 | D:3      | Found a faded altar of an unknown god.
  4057 | D:3      | Reached XP level 7. HP: 41/46 MP: 10/10
  4072 | D:3      | Found a white marble altar of Elyvilon.
  4074 | D:3      | Found a snail-covered altar of Cheibriados.
  4549 | D:4      | Found a shadowy altar of Dithmenos.
  4576 | D:4      | Found a basalt altar of Yredelemnul.
  4676 | D:4      | Noticed Pikel
  4702 | D:4      | Killed Pikel
  4702 | D:4      | Reached skill level 6 in Unarmed Combat
  4702 | D:4      | Reached XP level 8. HP: 24/52 MP: 8/12
  4775 | D:4      | Found a sand-covered staircase.
  4783 | Ossuary  | Entered an ossuary
  5934 | D:3      | Became a worshipper of Cheibriados the Contemplative
  6083 | D:5      | Entered Level 5 of the Dungeon
  6144 | D:5      | Found a hide-covered altar of Uskayaw.
  6145 | D:5      | Noticed Ijyb
  6152 | D:5      | Found a shimmering altar of Xom.
  6162 | D:5      | Killed Ijyb
  6269 | D:5      | Reached skill level 5 in Stealth
  6504 | D:5      | Noticed Eustachio
  6515 | D:5      | Killed Eustachio
  6515 | D:5      | Reached skill level 7 in Unarmed Combat
  6757 | D:5      | Reached XP level 9. HP: 55/58 MP: 12/14
  6853 | D:5      | Reached skill level 1 in Invocations
  7005 | D:6      | Reached skill level 1 in Shields
  7011 | D:5      | Reached skill level 5 in Transmutations
  7107 | D:6      | Reached * piety under Cheibriados
  7231 | D:6      | Found an iron altar of Okawaru.
  7238 | D:6      | Found a blossoming altar of Fedhas.
  7243 | D:6      | Found an opulent altar of Gozag.
  7380 | D:6      | Noticed Grinder
  7399 | D:6      | Learned a level 4 spell: Ice Form
  7420 | D:6      | Killed Grinder
  7461 | D:6      | Noticed Menkaure
  7476 | D:6      | Killed Menkaure
  7476 | D:6      | Reached skill level 1 in Ice Magic
  8214 | D:7      | Reached skill level 8 in Unarmed Combat
  8230 | D:7      | Reached ** piety under Cheibriados
  8630 | D:7      | Reached XP level 10. HP: 65/65 MP: 14/16
  8638 | D:7      | Found a glowing golden altar of the Shining One.
  8658 | D:7      | Found a deep blue altar of Sif Muna.
  8684 | D:7      | Slain by a hog

Vault maps used:
D:1:      dpeg_arrival_lava_temple_mockup
D:2:      kiku_gazebo_garden_becter, marbit_many_paths, uniq_terence
D:3:      nicolae_overflow_hidden_temple, chequers_ecumenical_altar_simple,
          minmay_misc_feat_hallway, roderic_lattice_a, roderic_st_hans_cross,
          uniq_sigmund
D:4:      lemuel_coloured_pillars_altar, grunt_dithmenos_smoke,
          chequers_ossuary_entry_cave, kennysheep_generic_room_5, uniq_pikel
D:5:      lemuel_doored_altar, first_bread, xom_confusion_cloud, uniq_eustachio,
          uniq_ijyb
D:6:      grunt_temple_overflow_diamond, uniq_menkaure, uniq_grinder
D:7:      kennysheep_little_box, overflow_temple_1_default, temple_green,
          serial_shops, shop, grunt_livestock
Ossuary:  ossuary_tomb_2

Skill      XL: |  1  2  3  4  5  6  7  8  9 |
---------------+----------------------------+-----
Unarmed Combat | 4 5 6 7 8 |  8.1
Stealth        | 1 3 4 5 6 |  6.5
Fighting       | 2 3 4 |  4.6
Poison Magic   | 1 2 3 |  3.0
Transmutations | 3 4 6 |  6.1
Spellcasting   | 3 4 |  4.0
Dodging        | 3 4 |  4.2
Invocations    | 2 |  2.9
Shields        | 2 |  2.3
Ice Magic      | 1 |  1.3

Action                   |  1- 3 |  4- 6 |  7- 9 | 10-12 || total
-------------------------+-------+-------+-------+-------++-------
Melee: Unarmed           |    97 |    99 |   350 |    10 ||   556
       Constrict         |    26 |    13 |    29 |       ||    68
       Tentacles         |    20 |    14 |    20 |       ||    54
       Kick              |     2 |     3 |    10 |       ||    15
       Punch             |     2 |     2 |     2 |       ||     6
 Cast: Beastly Appendage |     3 |     3 |     5 |       ||    11
       Spider Form       |       |     3 |    28 |     1 ||    32
Evoke: Wand              |       |       |     2 |       ||     2
  Use: Scroll            |       |       |     8 |     2 ||    10
       Potion            |       |       |     6 |     1 ||     7
 Stab: Sleeping          |     4 |    11 |    10 |       ||    25
       Distracted        |       |     1 |       |       ||     1
  Eat: Chunk             |     5 |     5 |    11 |       ||    21
       Bread ration      |       |       |     1 |       ||     1
Armor: Skin              |    14 |     7 |    14 |     1 ||    36
Dodge: Dodged            |    58 |    57 |   282 |    15 ||   412

Table legend:
 A = Spawn XP
 B = Non-spawn XP
 C = Spawn XP percentage of total XP
 D = Spawn monster count
 E = Non-spawn monster count
 F = Spawn count percentage of total count
 G = Total turns spent on level
                    A         B        C        D         E        F      G
               +---------+---------+-------+---------+---------+-------+---------
         Total |     398 |    4344 |   8.4 |      29 |     157 |  15.6 |  8684
               +---------+---------+-------+---------+---------+-------+---------
           D:1 |      16 |      42 |  27.6 |       8 |      22 |  26.7 |  2165
           D:2 |      11 |      81 |  12.0 |       5 |      22 |  18.5 |   984
           D:3 |      86 |     406 |  17.5 |       9 |      18 |  33.3 |  1260
           D:4 |       3 |     833 |   0.4 |       1 |       9 |  10.0 |   799
           D:5 |     125 |     725 |  14.7 |       3 |      11 |  21.4 |   989
           D:6 |     157 |    1527 |   9.3 |       3 |      29 |   9.4 |  1480
           D:7 |       0 |     456 |   0.0 |       0 |      18 |   0.0 |   132
       Ossuary |       0 |     274 |   0.0 |       0 |      28 |   0.0 |   875
               +---------+---------+-------+---------+---------+-------+---------
